 Dungeon Crawl Stone Soup version 0.30-a0-728-gc68057be0a (webtiles) character file.

Game seed: 9567557256470895353

1392 drugrobin the Carver (level 8, 0/60 (62) HPs)
             Began as a Demigod Delver on Jan 31, 2023.
             Slain by a wight
             ... wielding a +4 halberd
              (3 damage)
             ... on level 6 of the Dungeon.
             The game lasted 00:11:39 (5127 turns).

drugrobin the Carver (Demigod Delver)               Turns: 5127, Time: 00:11:39

HP:   0/60 (62)     AC: 13    Str: 17    XL:     8   Next: 17%
MP:   10/10         EV: 11    Int: 12    God:
Gold: 211           SH:  4    Dex: 19    Spells: 7/7 levels left

rFire   . . .      SeeInvis .    a - +2 demon blade (venom)
rCold   . . .      Faith    .    y - +0 buckler
rNeg    . . .      Spirit   .    H - +4 ring mail
rPois   .          Reflect  .    (no helmet)
rElec   .          Harm     .    r - +0 cloak
rCorr   .          Rampage  .    (no gloves)
Will    .....                    p - +2 pair of boots
Stlth   ++                       z - amulet of magic regeneration
HPRegen 0.30/turn                (no ring)
MPRegen 0.52/turn                (no ring)

@: hasted, lightly drained, very quick
A: high MP 1, forlorn, divine attributes
a: no special abilities


You were on level 6 of the Dungeon.
You visited 1 branch of the dungeon, and saw 6 of its levels.

You collected 350 gold pieces.
You spent 139 gold pieces at shops.

Inventory:

Hand Weapons
 a - a +2 demon blade of venom (weapon)
 b - a +0 sling of freezing
 q - a +4 quarterstaff of chaos
Missiles
 u - 2 curare-tipped darts
 E - 6 poisoned darts
 G - 3 boomerangs (quivered)
Armour
 p - a +2 pair of boots (worn)
 r - a +0 cloak (worn)
 y - a +0 buckler (worn)
 H - a +4 ring mail (worn)
Jewellery
 z - an amulet of magic regeneration (around neck)
Wands
 o - a wand of digging (7)
 B - a wand of roots (20)
 C - a wand of charming (9)
Scrolls
 h - 4 scrolls of identify {unknown}
 i - 2 scrolls of fog
 l - a scroll of immolation {unknown}
 n - a scroll of summoning {unknown}
 s - 2 scrolls of noise {unknown}
 t - 2 scrolls of magic mapping
 v - 3 scrolls of enchant weapon {unknown}
 x - a scroll of brand weapon {unknown}
 A - 3 scrolls of teleportation {unknown}
 D - a scroll of enchant armour {unknown}
 F - a scroll of acquirement {unknown}
Potions
 c - 2 potions of attraction {unknown}
 d - 2 potions of lignification {unknown}
 f - a potion of berserk rage {unknown}
 g - a potion of degeneration {unknown}
 j - 3 potions of curing
 k - a potion of brilliance {unknown}
 m - a potion of might {unknown}
 w - 2 potions of heal wounds {unknown}


   Skills:
 - Level 2.6 Fighting
 * Level 9.2 Long Blades
 - Level 1.7 Dodging
 - Level 4.5 Stealth
 - Level 2.6 Unarmed Combat


You had 7 spell levels left.
You didn't know any spells.
Your spell library was empty.

Dungeon Overview and Level Annotations

Branches:
Dungeon (6/15)
 Temple: D:4-7

Shops:
D:3 (   D:5 (

Annotations:
D:6 Prince Ribbit


Innate Abilities, Weirdness & Mutations

You have an increased reservoir of magic. (+10% MP)
You shall have no god before yourself.
Your divine heritage dramatically boosts your attributes as you level up.


Message History

Found a stone staircase leading up.
A wight is nearby!
Throw: 3 boomerangs
Press: ? - help, Q - select action, (/) - cycle Shift-Dir - straight line, f - wight
Aim: a wight, wielding a +4 halberd and wearing a +0 robe (wandering, hasn't noticed you, 62% to hit)
You throw a boomerang. The boomerang closely misses the wight.
Prince Ribbit comes into view.
Throw: 3 boomerangs
Press: ? - help, Q - select action, (/) - cycle Shift-Dir - straight line, f/p - wight
Aim: a wight, wielding a +4 halberd and wearing a +0 robe (62% to hit)
You throw a boomerang.
Prince Ribbit croaks.
The boomerang hits the wight but does no damage.
Prince Ribbit blinks!
Prince Ribbit blinks!
As you open the door, it creaks loudly!
There is an open door here.
Prince Ribbit winks and puckers his lips.
Prince Ribbit attacks as you move away! Prince Ribbit barely misses you.
Prince Ribbit hits you!
Prince Ribbit blinks!
You slice Prince Ribbit!!
Prince Ribbit is poisoned.
Prince Ribbit is heavily wounded.
Prince Ribbit hits you! Prince Ribbit hits you!
You block Prince Ribbit's attack. Prince Ribbit attacks as you move away!
Prince Ribbit misses you. The wight barely misses you.
You see here a +0 rapier.
The wight hits you from afar with a +4 halberd!
* * * LOW HITPOINT WARNING * * *
You feel drained.
* * * LOW HITPOINT WARNING * * *
Prince Ribbit hits you!
* * * LOW HITPOINT WARNING * * *
Okay, then.
Okay, then.
You feel yourself speed up.
Prince Ribbit hits you but does no damage.
The wight hits you from afar with a +4 halberd.
You die...

.....#######'###....##....#
.....'........########....#
.....#.........#....#.....#
.....#.........#.>..#.....#
.....#...##...##....#.....#
.....#...##...##....#.....#
.....#........z.....#.....#
.....+..............#.....#
.....#.......<.F@...#.....#
..#########...########
###+##..###. #...#......#
............ #...'......#
........... #...#......#
.......... #...#......#
........# ####+###......#
........######.......#######
..........#..........#


You could see Prince Ribbit (very poisoned) and a wight.

Vanquished Creatures
  A wyvern (D:5)
  A sky beast (D:6)
  An ogre (D:5)
  A black bear (D:6)
  A phantom (D:5)
  3 necrophages
  3 wights
  2 hounds (D:5)
  Crazy Yiuf (D:2)
  An orc priest (D:5)
  A gnoll bouda (D:4)
  A jelly (D:6)
  4 orc wizards
  4 iguanas
  7 gnolls
  3 adders
  2 ufetubi (D:5)
  An adder zombie (D:3)
  A worm (D:5)
  A dart slug (D:2)
  17 orcs
  3 bats
  3 endoplasms
  2 giant cockroaches (D:2)
  5 goblins
  6 hobgoblins
  8 jackals
  3 quokkas
  8 ball pythons
  2 frilled lizards
  2 giant cockroach zombies (D:3)
  2 kobolds (D:1)
  2 rats (D:1)
103 creatures vanquished.

Vanquished Creatures (others)
  A withered plant (D:4)
1 creature vanquished.

Grand Total: 104 creatures vanquished

Notes
Turn   | Place    | Note
-------+----------+-------------------------------------------
     0 | D:5      | drugrobin the Demigod Delver began the quest for the Orb.
     0 | D:5      | Reached XP level 1. HP: 18/18 MP: 3/3
    14 | D:5      | Noticed an iguana
    33 | D:3      | Noticed an orc wizard
    35 | D:3      | Found Feirgh's Weapon Shoppe.
   372 | D:1      | Reached XP level 2. HP: 19/25 MP: 4/4
   697 | D:1      | Reached skill level 1 in Long Blades
   986 | D:2      | Found a runed translucent door.
   987 | D:2      | Noticed Crazy Yiuf
  1040 | D:2      | Reached XP level 3. HP: 12/30 MP: 5/5
  1042 | D:2      | Reached skill level 2 in Long Blades
  1915 | D:2      | Killed Crazy Yiuf
  1916 | D:2      | Reached skill level 3 in Long Blades
  1916 | D:2      | Reached XP level 4. HP: 30/37 MP: 6/6
  2119 | D:3      | Bought 2 curare-tipped darts for 24 gold pieces
  2258 | D:3      | Reached skill level 4 in Long Blades
  2258 | D:3      | Reached XP level 5. HP: 19/42 MP: 7/7
  2735 | D:4      | Reached skill level 5 in Long Blades
  2920 | D:4      | Reached XP level 6. HP: 42/50 MP: 8/8
  3288 | D:5      | Found Baoruzxi's Weapon Shop.
  3297 | D:5      | Bought a +0 sling of freezing for 65 gold pieces
  3297 | D:5      | Bought 6 poisoned darts for 50 gold pieces
  3354 | D:5      | Reached skill level 6 in Long Blades
  3758 | D:5      | Noticed a wyvern
  3763 | D:5      | Killed a wyvern
  3764 | D:5      | Reached skill level 7 in Long Blades
  3764 | D:5      | Reached XP level 7. HP: 56/56 MP: 9/9
  4353 | D:5      | Reached skill level 8 in Long Blades
  4877 | D:6      | Reached XP level 8. HP: 62/62 MP: 10/10
  4934 | D:6      | Reached skill level 9 in Long Blades
  5103 | D:6      | Noticed Prince Ribbit
  5126 | D:6      | HP: 3/60 [Prince Ribbit (11)]
  5127 | D:6      | Slain by a wight

Illustrated notes

Levels and vault maps discovered:
D:1:      dpeg_arrival_rooms_with_view, layout_basic
D:2:      layout_loops_corners, uniq_crazy_yiuf_cottage
D:3:      layout_basic, nicolae_yredelemnul_corpse_copse, serial_shops,
          nicolae_diamond_shop
D:4:      layout_cave_pools, kiku_gazebo_garden_becter,
          grunt_temple_overflow_opulence
D:5:      layout_cave_pods, gammafunk_temple_overflow_wave, serial_shops, shop,
          minivault_1
D:6:      layout_gridville, mainiacjoe_overflow_surrounded_room,
          uniq_prince_ribbit1

Skill      XL: |  1  2  3  4  5  6  7  8 |
---------------+-------------------------+-----
Unarmed Combat | 2 |  2.6
Long Blades    | 1 3 4 5 7 8 9 |  9.2
Fighting       | |  2.6
Dodging        | |  1.7
Stealth        | |  4.5

Action                     |  1- 3 |  4- 6 |  7- 9 || total
---------------------------+-------+-------+-------++-------
  Melee: Unarmed           |    21 |       |       ||    21
         Demon blade       |    50 |   143 |    86 ||   279
         Punch             |     2 |       |       ||     2
   Fire: Sling             |    17 |     4 |     9 ||    30
  Throw: Boomerang         |       |       |     5 ||     5
  Evoke: Wand              |     3 |       |       ||     3
    Use: Scroll            |     2 |       |       ||     2
         Potion            |       |       |     1 ||     1
   Stab: Sleeping          |     7 |     3 |     1 ||    11
         Distracted        |       |     1 |       ||     1
 Armour: Leather armour    |    29 |    49 |       ||    78
         Ring mail         |       |    18 |    32 ||    50
  Dodge: Dodged            |    68 |    72 |    38 ||   178
  Block: Buckler           |       |    11 |    11 ||    22

Table legend: (Time is in decaauts)
 A = Elapsed time spent in this place.
 B = Non-inter-level travel time spent in this place.
 C = Inter-level travel time spent in this place.
 D = Time resting spent in this place.
 E = Time spent auto-exploring this place.
 F = Levels seen in this place.
 G = Mean time per level.
                   A        B        C        D        E       F      G
               +--------+--------+--------+--------+--------+-----+--------+
         Total |   5152 |   4875 |    277 |    746 |   2896 |   6 |  858.7 |
       Dungeon |   5152 |   4875 |    277 |    746 |   2896 |   6 |  858.7 |
               +--------+--------+--------+--------+--------+-----+--------+

Top non-repeatable levels by time:
     D:5: 1453 daAuts
     D:2: 1335 daAuts
     D:3: 671 daAuts
     D:4: 657 daAuts
     D:1: 598 daAuts
     D:6: 436 daAuts
